 Dungeon Crawl Stone Soup version 0.16-a0-3483-g6616b5b (webtiles) character file.

293 stonewall the Skirmisher (level 6, -7/51 HPs)
             Began as a Mummy Arcane Marksman on Jan 2, 2015.
             Mangled by NewYearsCrawler's ghost (20 damage)
             ... on level 4 of the Dungeon on Jan 3, 2015.
             The game lasted 00:08:49 (4358 turns).

stonewall the Skirmisher (Mummy Arcane Marksman)    Turns: 4358, Time: 00:08:49

Health: -7/51      AC: 12    Str: 16    XL:     6   Next: 11%
Magic:  8/8        EV:  9    Int: 12    God:
Gold:   50         SH:  0    Dex: 11    Spells: 1 memorised, 6 levels left

rFire  x . .     SeeInvis .     p - +2 flail (protect)
rCold  + . .     Clarity  .     v - +0 scale mail (curse)
rNeg   + + +     SustAb   .     (no shield)
rPois  ∞         Gourm    +     (no helmet)
rElec  .         Spirit   .     u - +0 cloak
rCorr  .         Warding  .     (no gloves)
rMut   .         Stasis   .     (no boots)
MR     .....                    s - amulet of the gourmand
Stlth  ..........               (no ring)
                                (no ring)

@: not resistant to hostile enchantments, extremely unstealthy
A: no food or potions, fire vulnerability, restore body, cold resistance 1,
negative energy resistance 3, poison resistance, torment resistance, unbreathing
a: no special abilities


You were on level 4 of the Dungeon.
You were not hungry.

You visited 1 branch of the dungeon, and saw 4 of its levels.
You also visited: Sewer.

You collected 170 gold pieces.
You spent 120 gold pieces at shops.

Inventory:

Hand weapons
 b - a +0 hunting sling
 h - a +0 short sword
 i - a +0 quarterstaff
 m - a +3 quarterstaff of chaos
 n - a -2 dagger
 p - a +2 flail of protection (weapon)
 q - a +0 scimitar
 w - a +0 blowgun
Missiles
 c - 11 sling bullets
 g - 130 stones (quivered)
 x - 4 curare-tipped needles
 y - 7 poisoned needles
Armour
 a - a +0 robe
 t - a +0 leather armour
 u - a +0 cloak (worn)
 v - a cursed +0 scale mail (worn)
Jewellery
 o - an uncursed ring of loudness
 s - an amulet of the gourmand (around neck)
Scrolls
 e - 4 scrolls of fog
 f - 4 scrolls of identify
 j - a scroll of immolation {unknown}
 k - 2 scrolls of fear
 l - a scroll of remove curse
 r - a scroll of amnesia {unknown}
 z - a scroll of blinking
Books
 d - a book of Debilitation

   Spells                             Type                      Level
   a - Corona                         Hexes                        1
   b - Slow                           Hexes                        2
   c - Inner Flame                    Hexes/Fire                   3
   d - Enslavement                    Hexes                        4
   e - Cause Fear                     Hexes                        4
   f - Leda's Liquefaction            Hexes/Earth                  4


   Skills:
 - Level 5.1 Fighting
 + Level 2.5 Maces & Flails
 - Level 1.5 Slings
 - Level 1.5 Dodging
 - Level 1.0 Spellcasting
 - Level 2.8 Hexes


You had 6 spell levels left.
You knew the following spells:

 Your Spells              Type           Power        Failure   Level  Hunger
a - Corona                Hex            #......      30%         1    N/A

Dungeon Overview and Level Annotations

Branches:
Dungeon (4/15)
 Temple: D:4-7

Altars:

Shops:
D:4 ?

Annotations:
D:3 exclusion: downstairs
D:4 NewYearsCrawler's ghost, experienced FoFi


Innate Abilities, Weirdness & Mutations

You do not eat or drink.
Your flesh is vulnerable to fire.
Your flesh is cold resistant.
You are immune to negative energy.
Your system is resistant to poisons.
You are immune to unholy pain and torment.
You can survive without breathing.


Message History

NewYearsCrawler's ghost is nearby!
NewYearsCrawler's ghost is nearby!
NewYearsCrawler's ghost is nearby!
NewYearsCrawler's ghost turns its malevolent gaze towards you.
Your scale mail prevents you from hitting NewYearsCrawler's ghost.
NewYearsCrawler's ghost closely misses you.
You barely miss NewYearsCrawler's ghost.
NewYearsCrawler's ghost hits you. NewYearsCrawler's ghost hits you!
You barely miss NewYearsCrawler's ghost.
NewYearsCrawler's ghost hits you but does no damage.
You barely miss NewYearsCrawler's ghost.
NewYearsCrawler's ghost hits you.
You are electrocuted!
* * * LOW HITPOINT WARNING * * *
You are too injured to fight recklessly!
You are too injured to fight recklessly!
There is a stone staircase leading up here.
NewYearsCrawler's ghost hits you!
* * * LOW HITPOINT WARNING * * *
You are electrocuted!
You die...

.!#
######.########
.......?....... #
#.##........#
#.#.##........#
##.#.##........#
................#
##.#.##........#
#@W.........#
#.###.......# #.#
##.###### #.#
#.## #.# #..# #.#
#..# #.# #..#
#.####..######
#............#


You could see NewYearsCrawler's ghost.

Vanquished Creatures
  The ghost of ConnectionFaild the Stinger, a weakling OpVM (Sewer)
  Crazy Yiuf (D:2)
  Natasha (D:4)
  Jessica (D:2)
  8 adders
  A river rat (D:4)
  A giant mite (D:4)
  A worm (D:4)
  An orc (D:3)
  5 ball pythons
  3 giant cockroaches
  10 goblins
  10 hobgoblins
  5 jackals (Sewer)
  An ooze (D:1)
  2 quokkas (D:2)
  6 bats
  5 giant geckos
  5 giant newts
  16 kobolds
  15 rats
99 creatures vanquished.

Notes
Turn   | Place    | Note
--------------------------------------------------------------
     0 | D:1      | stonewall, the Mummy Arcane Marksman, began the quest for the Orb.
     0 | D:1      | Reached XP level 1. HP: 15/15 MP: 2/2
   150 | D:1      | Reached XP level 2. HP: 22/22 MP: 3/3
   657 | D:1      | Reached XP level 3. HP: 28/28 MP: 4/4
   669 | D:1      | Reached skill level 3 in Fighting
  1054 | D:2      | Noticed Jessica
  1057 | D:2      | Killed Jessica
  1284 | D:2      | Reached XP level 4. HP: 34/37 MP: 5/5
  1368 | D:2      | Reached skill level 4 in Fighting
  2060 | D:2      | Noticed Crazy Yiuf
  3158 | D:4      | Noticed NewYearsCrawler's ghost (experienced FoFi)
  3362 | D:2      | Killed Crazy Yiuf
  3362 | D:2      | Reached XP level 5. HP: 32/43 MP: 7/7
  3444 | D:2      | Reached skill level 5 in Fighting
  3718 | D:4      | Found a glowing drain.
  3724 | D:4      | Reached skill level 1 in Maces & Flails
  3730 | Sewer    | Entered a sewer
  3984 | Sewer    | Noticed ConnectionFaild's ghost (weakling OpVM)
  3996 | Sewer    | Killed ConnectionFaild's ghost
  4098 | Sewer    | Upgraded the game from 0.16-a0-3467-gfe061fe to 0.16-a0-3483-g6616b5b
  4303 | D:4      | Noticed Natasha
  4309 | D:4      | Killed Natasha
  4309 | D:4      | Reached XP level 6. HP: 51/51 MP: 8/8
  4328 | D:4      | Found Edodarch's Magic Scroll Boutique.
  4331 | D:4      | Bought a scroll of fear for 38 gold pieces
  4331 | D:4      | Bought a scroll of blinking for 82 gold pieces
  4358 | D:4      | Mangled by NewYearsCrawler's ghost

Action                   |  1- 3 |  4- 6 || total
-------------------------+-------+-------++-------
Melee: Short sword       |    14 |    74 ||    88
       Flail             |       |   143 ||   143
 Fire: Hunting sling     |   128 |     8 ||   136
  Use: Scroll            |     3 |     4 ||     7
